 Dungeon Crawl Stone Soup version 0.30.0-29-ga12c61a403 (webtiles) character file.

Game seed: 8289051887330049745

39 belegose the Charlatan (level 3, 0/26 HPs)
             Began as a Mummy Artificer on June 9, 2023.
             Slain by a ball python (1 damage)
             ... on level 2 of the Dungeon.
             The game lasted 00:02:35 (1532 turns).

belegose the Charlatan (Mummy Artificer)            Turns: 1532, Time: 00:02:36

Health: 0/26       AC:  3    Str: 15    XL:     3   Next: 26%
Magic:  3/3        EV:  8    Int: 12    God:
Gold:   24         SH:  0    Dex: 12    Spells: 2/2 levels left

rFire   x . .        a - +0 dagger
rCold   + . .        (no shield)
rNeg    + + +        f - +0 leather armour
rPois   ∞            (no helmet)
rElec   .            (no cloak)
rCorr   .            (no gloves)
SInv    .            (no boots)
Will    .....        h - amulet of the acrobat
Stlth   +            (no ring)
HPRegen 0.24/turn    (no ring)
MPRegen 0.08/turn

%: acrobat, faith
@: constricted
A: cold resistance 1, negative energy resistance 3, torment resistance 2, heat
vulnerability 1, in touch with death 1, no potions, faith
a: no special abilities


You were on level 2 of the Dungeon.
You visited 1 branch of the dungeon, and saw 2 of its levels.

You collected 24 gold pieces.

Inventory:

Hand Weapons
 a - a +0 dagger (weapon)
 b - a +0 sling
Armour
 f - a +0 leather armour (worn)
Jewellery
 h - an amulet of the acrobat (around neck)
Wands
 c - a wand of flame (14) (quivered)
 d - a wand of charming (15)
 e - a wand of iceblast (5)
Scrolls
 g - 3 scrolls of identify {unknown}
 i - a scroll of fog {unknown}
 j - 2 scrolls of enchant armour {unknown}
 k - a scroll of vulnerability {unknown}


   Skills:
 + Level 1.4 Fighting
 + Level 0.9 Short Blades
 + Level 1.3 Ranged Weapons
 - Level 1.5 Armour
 - Level 0.7 Dodging
 - Level 0.7 Stealth
 + Level 2.7 Evocations


You had 2 spell levels left.
You didn't know any spells.
Your spell library was empty.

Dungeon Overview and Level Annotations

Branches:
Dungeon (2/15)

Altars:
Trog

Shops:
D:1 [

Annotations:
D:2 exclusion: 4 doors


Innate Abilities, Weirdness & Mutations

You are immune to poison.
Your flesh is cold resistant. (rC+)
You are immune to negative energy. (rN+++)
You are immune to unholy pain and torment.
You are vulnerable to heat. (rF-)
You are in touch with the powers of death.
You do not drink.
You have a special connection with the divine. (Faith)


Message History

You hit the ball python.
The ball python is severely wounded.
The ball python bites you.
* * * LOW HITPOINT WARNING * * *
The ball python constricts you. The ball python closely misses you.
The ball python constricts you.
* * * LOW HITPOINT WARNING * * *
You closely miss the ball python.
The ball python is severely wounded.
The ball python bites you.
* * * LOW HITPOINT WARNING * * *
The ball python constricts you.
* * * LOW HITPOINT WARNING * * *
You hit the ball python.
You kill the ball python!
You hit the ball python.
The ball python is severely wounded.
The ball python completely misses you. The ball python barely misses you.
The ball python bites you but does no damage.
The ball python closely misses you.
You closely miss the ball python.
The ball python is severely wounded.
The ball python barely misses you. The ball python misses you.
You hit the ball python.
You kill the ball python!
The ball python barely misses you. x2
You barely miss the ball python.
The ball python bites you but does no damage.
The ball python barely misses you.
You closely miss the ball python. The ball python closely misses you.
The ball python barely misses you.
You hit the ball python but do no damage.
The ball python barely misses you. The ball python closely misses you.
You barely miss the ball python. The ball python bites you.
* * * LOW HITPOINT WARNING * * *
The ball python grabs you. The ball python constricts you.
* * * LOW HITPOINT WARNING * * *
You hit the ball python but do no damage.
The ball python bites you.
You die...

#.# #.#
.. #.#
S# # #.#
...# #.#
S#. #.#
.S# #.#
.S#
#.####.#
#..@S..#
#####.##
#.# #.#
#.# #.#
#.# #.#


You could see a ball python.

Vanquished Creatures
  2 adders (D:2)
  A worm (D:2)
  3 ball pythons (D:2)
  2 endoplasms
  2 giant cockroaches
  2 jackals (D:1)
  A kobold (D:2)
  4 rats
17 creatures vanquished.

Notes
Turn   | Place    | Note
-------+----------+-------------------------------------------
     0 | D:1      | belegose the Mummy Artificer began the quest for the Orb.
     0 | D:1      | Reached XP level 1. HP: 15/15 MP: 1/1
   119 | D:1      | Found Beohiyxt's Armour Shoppe.
   979 | D:2      | Found a bloodstained altar of Trog.
  1105 | D:2      | Reached XP level 2. HP: 21/21 MP: 2/2
  1280 | D:2      | Reached skill level 1 in Ranged Weapons
  1398 | D:2      | Found a faded altar of an unknown god.
  1516 | D:2      | Gained mutation: You are in touch with the powers of death.
                  | [Mummy growth]
  1516 | D:2      | Reached XP level 3. HP: 9/26 MP: 3/3
  1523 | D:2      | HP: 1/26 [constriction (1)]
  1531 | D:2      | HP: 1/26 [constriction (1)]
  1532 | D:2      | Slain by a ball python

Illustrated notes

Levels and vault maps discovered:
D:1:      minmay_arrival_pointy, layout_basic, serial_shops, shop
D:2:      minmay_wonky_spiral, layout_loops_ring, basic_altar,
          dreamdust_ecumenical_altar_grove, kennysheep_cross_room,
          minmay_shallow_snake_nest

Skill      XL: |  1  2 |
---------------+-------+-----
Ranged Weapons | 1 |  1.3
Fighting       | |  1.4
Short Blades   | |  0.9
Armour         | |  1.5
Dodging        | |  0.7
Stealth        | |  0.7
Evocations     | |  2.7

Action                     || total
---------------------------++-------
  Melee: Dagger            ||    61
   Fire: Sling             ||    59
  Evoke: Wand              ||     1
 Armour: Leather armour    ||    33
  Dodge: Dodged            ||    85
